 Dungeon Crawl Stone Soup version 0.27.1 (webtiles) character file.

Game seed: 6562743193998023730

1507 GameOver the Sneak (level 8, -4/62 HPs)
             Began as a Naga Hedge Wizard on Aug 25, 2021.
             Slain by a troll (12 damage)
             ... on level 6 of the Dungeon.
             The game lasted 00:53:23 (4462 turns).

GameOver the Sneak (Naga Hedge Wizard)              Turns: 4462, Time: 00:53:25

Health: -4/62      AC:  3    Str: 18    XL:     8   Next: 82%
Magic:  1/15       EV: 10    Int: 16    God:
Gold:   318        SH:  0    Dex: 12    Spells: 10/16 levels left

rFire    + . .     SeeInvis +   m - +0 spear
rCold    . . .     Faith    .   (no shield)
rNeg     . . .     Spirit   .   b - +0 robe
rPois    +         Reflect  .   c - +0 hat
rElec    .         Harm     .   (no cloak)
rCorr    .         Rampage  .   (no gloves)
Will     +....                  (no barding)
Stlth    +++.......             q - amulet of the acrobat
HPRegen  0.20/turn              o - ring of protection from fire
MPRegen  0.14/turn              D - +6 ring of strength

@: mighty, studying Staves, very slow
A: AC +2, large, see invisible, deformed body, poison resistance, slowness 2,
spit poison 1, naga tail 1
a: Spit Poison


You were on level 6 of the Dungeon.
You visited 2 branches of the dungeon, and saw 7 of its levels.

You collected 318 gold pieces.

Inventory:

Hand Weapons
 a - a +0 short sword
 g - a +0 whip
 m - a +0 spear (weapon)
 x - a +0 whip of pain
Armour
 b - a +0 robe (worn)
 c - a +0 hat (worn)
 j - a +0 buckler
 s - a +0 leather armour
 y - a +0 pair of gloves
Jewellery
 o - a ring of protection from fire (left hand)
 q - an amulet of the acrobat (around neck)
 u - a ring of protection from cold
 D - a +6 ring of strength (right hand)
Wands
 w - a wand of flame (15)
 F - a wand of iceblast (9)
Scrolls
 d - a scroll of fog {unknown}
 h - 2 scrolls of vulnerability {unknown}
 k - 2 scrolls of magic mapping {unknown}
 n - 2 scrolls of teleportation
 r - a scroll of noise {unknown}
 z - 2 scrolls of enchant armour {unknown}
 A - 2 scrolls of enchant weapon {unknown}
 B - 2 scrolls of blinking {unknown}
 E - a scroll of brand weapon {unknown}
 G - a scroll of amnesia {unknown}
 I - a scroll of immolation {unknown}
Potions
 e - 5 potions of curing {unknown}
 f - 2 potions of mutation
 i - a potion of brilliance
 l - 2 potions of might
 p - a potion of flight
 t - a potion of lignification {unknown}
 v - a potion of cancellation
 C - 2 potions of heal wounds
 H - a potion of degeneration {unknown}


   Skills:
 + Level 2.1 Staves
 - Level 1.5 Dodging
 + Level 7.1 Stealth
 + Level 4.8 Spellcasting
 - Level 6.0 Conjurations
 - Level 1.0 Summonings
 + Level 4.1 Translocations
 - Level 6.0 Poison Magic


You had 10 spell levels left.
You knew the following spells:

 Your Spells              Type           Power      Damage    Failure   Level
a - Magic Dart            Conj           92%        1d7       1%          1
b - Blink                 Tloc           N/A        N/A       4%          2
d - Mephitic Cloud        Conj/Pois/Air  16%        N/A       9%          3

Your spell library contained the following spells:

 Spells                   Type           Power      Damage    Failure   Level
 Gell's Gravitas          Tloc           8%         N/A       9%          3
 Lesser Beckoning         Tloc           8%         N/A       9%          3
 Teleport Other           Tloc           17%        N/A       9%          3
 Conjure Flame            Conj/Fire      13%        6-21      14%         3
 Call Imp                 Summ           7%         N/A       16%         2
 Slow                     Hex            3%         N/A       24%         2
 Sublimation of Blood     Necr           1%         N/A       24%         2
 Wereblood                Tmut           3%         N/A       24%         2
 Passage of Golubria      Tloc           N/A        N/A       28%         4
 Manifold Assault         Tloc           17%        N/A       61%         5
 Silence                  Hex/Air        1%         N/A       99%         5
 Dispersal                Tloc           8%         N/A       99%         6
 Summon Hydra             Summ           3%         N/A       100%        7
 Lehudib's Crystal Spear  Conj/Erth      6%         10d3      100%        8


Dungeon Overview and Level Annotations

Branches:
Dungeon (6/15)             Temple (1/1) D:6

Altars:
Cheibriados
Dithmenos
Elyvilon
Gozag
Hepliaklqana
Makhleb
Nemelex Xobeh
Ru
Sif Muna
Trog
Uskayaw
Wu Jian
Yredelemnul
Zin
The Shining One


Innate Abilities, Weirdness & Mutations

Your serpentine skin is tough. (AC +2)
You have supernaturally acute eyesight. (SInv)
Armour fits poorly on your strangely shaped body.
Your system is resistant to poisons. (rPois)
You cover ground very slowly.
You can spit poison.
You have a snake-like lower body.


Message History

Okay, then.
Okay, then.
Casting: Mephitic Cloud (dangerous; 9% risk of failure)
Confirm with . or Enter, or press ? or * to list all spells.
Aiming: Mephitic Cloud (dangerous; 9% risk of failure)
Press: ? - help, Shift-Dir - straight line, p - troll The ball explodes into a vile cloud!
The stinking cloud engulfs the troll but does no damage.
The troll is moderately wounded.
You hear a shout!
The troll is engulfed in noxious fumes.
The troll appears confused.
Your magical contamination has completely faded away.
You feel very mighty all of a sudden.
The troll is engulfed in noxious fumes.
You catch the helpless troll completely off-guard!
You puncture the troll!
The troll is heavily wounded.
You barely miss the troll.
The troll is severely wounded.
You have got your breath back.
The troll bites you! The troll claws you! The troll closely misses you.
You barely miss the troll.
The troll is heavily wounded.
The troll closely misses you. The troll claws you.
* * * LOW HITPOINT WARNING * * *
The troll claws you.
* * * LOW HITPOINT WARNING * * *
Press: ? - help, Shift-Dir - straight line, f - troll
Aim: a troll (heavily wounded, confused, poisoned)
The splash of poison hits the troll!
The troll is severely wounded.
The troll looks more healthy.
You barely miss the troll.
The troll is severely wounded.
You have got your breath back.
The troll seems less confused.
The troll barely misses you. The troll claws you.
* * * LOW HITPOINT WARNING * * *
The troll claws you!
You die...

###############
#.............#
#...........#.####
#.#########...>...
#.# #............
#T# #..###.#.####
#@# #..# #.#.# ###
#### ###.# #T# #..
.. #.# ## .#


You could see a troll.

Vanquished Creatures
  A water moccasin (D:5)
  2 sky beasts
  2 black bears
  An ogre (D:5)
  2 necrophages
  A phantom (D:5)
  3 scorpions (D:4)
  A jelly (D:5)
  A bullfrog zombie (D:5)
  4 hounds
  A gnoll shaman (D:4)
  A howler monkey zombie (D:5)
  11 gnolls
  8 adders
  2 ufetubi
  An adder skeleton (D:4)
  3 worms
  3 dart slugs
  5 orcs
  6 bats
  5 endoplasms
  3 giant cockroaches (D:1)
  5 goblins
  10 hobgoblins
  5 jackals
  7 kobolds
  4 quokkas
  12 ball pythons
  5 frilled lizards
  6 rats
121 creatures vanquished.

Notes
Turn   | Place    | Note
-------+----------+-------------------------------------------
     0 | D:1      | GameOver the Naga Hedge Wizard began the quest for the Orb.
     0 | D:1      | Reached XP level 1. HP: 15/15 MP: 4/4
    71 | D:1      | Reached XP level 2. HP: 17/22 MP: 1/6
   515 | D:1      | Reached XP level 3. HP: 25/28 MP: 4/7
   560 | D:1      | You fall into a shaft and drop 1 floor!
   595 | D:2      | Learned a level 2 spell: Blink
   599 | D:2      | Learned a level 3 spell: Mephitic Cloud
  1054 | D:2      | Reached XP level 4. HP: 21/36 MP: 3/8
  1213 | D:2      | Reached skill level 1 in Poison Magic
  1260 | D:2      | You fall into a shaft and drop 1 floor!
  1446 | D:2      | Reached XP level 5. HP: 42/42 MP: 4/9
  2277 | D:3      | Found a faded altar of an unknown god.
  2309 | D:3      | Found an opulent altar of Gozag.
  2350 | D:3      | Found an ornate altar of the Wu Jian Council.
  2410 | D:4      | Reached skill level 5 in Conjurations
  2410 | D:4      | Reached XP level 6. HP: 49/49 MP: 6/10
  2484 | D:4      | Noticed a sky beast
  2505 | D:4      | Killed a sky beast
  2506 | D:4      | Reached skill level 5 in Poison Magic
  2564 | D:4      | Noticed a necrophage
  2585 | D:4      | Killed a necrophage
  2586 | D:4      | Reached XP level 7. HP: 50/55 MP: 1/11
  2809 | D:4      | Found a white marble altar of Elyvilon.
  2907 | D:4      | Identified the +0 pair of boots of the Dwarven Hall {MP+9}
  3183 | D:5      | Entered Level 5 of the Dungeon
  3245 | D:5      | Reached skill level 4 in Stealth
  3439 | D:5      | Noticed a wraith
  3534 | D:5      | Reached XP level 8. HP: 53/62 MP: 4/13
  3652 | D:5      | Reached skill level 5 in Stealth
  3835 | D:5      | Reached skill level 6 in Stealth
  3927 | D:6      | Found a staircase to the Ecumenical Temple.
  3933 | Temple   | Entered the Ecumenical Temple
  4218 | D:6      | Reached skill level 1 in Staves
  4363 | D:6      | Reached skill level 7 in Stealth
  4431 | D:6      | Noticed a troll
  4462 | D:6      | Slain by a troll

Illustrated notes

Levels and vault maps discovered:
D:1:      evilmike_arrival_crescent, layout_loops_ring, st_stairs_8,
          hangedman_abyss_or_decor_stabs, amcnicky_mini_rare_corridor_liquid
D:2:      minmay_inner_zag, layout_basic, hangedman_feature_mirror,
          solitary_fountain
D:3:      layout_loops_ring, mainiacjoe_overflow_two_lobes,
          shapermc_ecumenical_altar_acropolis, kennysheep_generic_room_12
D:4:      layout_basic, mainiacjoe_overflow_tiny_flanked
D:5:      layout_gridville, hangedman_abyss_or_decor_slice,
          minmay_manual_mandibuliform
D:6:      layout_loops_ring, minmay_temple_entry_wispy, roderic_lattice_a,
          minmay_increasing_density
Temple:   minmay_temple_bridge_abc

Skill      XL: |  1  2  3  4  5  6  7  8 |
---------------+-------------------------+-----
Conjurations   | 2 3 4 5 6 |  6.0
Poison Magic   | 1 4 5 6 |  6.0
Stealth        | 4 7 |  7.1
Translocations | 2 4 |  4.1
Spellcasting   | 4 |  4.8
Staves         | 2 |  2.1
Dodging        | |  1.5
Summonings     | |  1.0

Action                   |  1- 3 |  4- 6 |  7- 9 || total
-------------------------+-------+-------+-------++-------
Melee: Dagger            |     3 |       |       ||     3
       Short sword       |     5 |       |       ||     5
       Spear             |       |    23 |    45 ||    68
 Cast: Magic Dart        |    43 |    79 |    83 ||   205
       Blink             |     1 |     4 |     5 ||    10
       Mephitic Cloud    |       |     4 |    13 ||    17
 Abil: Spit Poison       |    28 |    53 |    32 ||   113
Evoke: Wand              |       |     4 |     2 ||     6
  Use: Scroll            |       |       |     8 ||     8
       Potion            |       |       |     1 ||     1
 Stab: Confused          |       |     1 |     3 ||     4
       Sleeping          |       |     1 |       ||     1
Armor: Robe              |     2 |     6 |    13 ||    21
Dodge: Dodged            |    28 |    16 |    52 ||    96
